 Dungeon Crawl Stone Soup version 0.15-a0-2165-g9981db6 (console) character file.

190 Draconian the Ruinous (level 5, -2/38 HPs)
             Began as a Draconian Ice Elementalist on July 20, 2014.
             Slain by an orc wizard
             ... wielding a +0 dagger
              (3 damage)
             ... on Level 4 of the Dungeon.
             The game lasted 00:07:41 (1364 turns).

Draconian the Ruinous (Draconian Ice Elementalist)  Turns: 1364, Time: 00:07:42

HP  -2/38        AC  6     Str 10      XL: 5   Next: 41%
MP   5/11        EV 12     Int 17      God:
Gold 126         SH  0     Dex 11      Spells:  3 memorised,  3 levels left

rFire  . . .     SeeInvis .     h - +1 cutlass
rCold  . . .     Clarity  .     (armour unavailable)
rNeg   . . .     rCorr    +     (no shield)
rPois  .         rRot     .     (helmet restricted)
rElec  .         Spirit   .     f - +0 cloak
SustAb .         Warding  .     (no gloves)
rMut   .         Stasis   .     (no boots)
Gourm  .                        o - amulet of resist corrosion
MR     .....                    (no ring)
                                (no ring)

@: lethally poisoned, not resistant to hostile enchantments, unstealthy
A: unfitting armour, cold-blooded, AC +5
a: no special abilities


You were on level 4 of the Dungeon.
You were not hungry.

You visited 2 branches of the dungeon, and saw 6 of its levels.

You collected 126 gold pieces.

Inventory:

Hand weapons
 h - a +1 cutlass (weapon)
 i - a +0 flail
 k - a +0 cutlass
 l - a +0 mace of crushing
Missiles
 n - 7 javelins (quivered)
Armour
 f - a +0 cloak (worn)
Magical devices
 g - a wand of polymorph (6)
Comestibles
 a - a slice of pizza
 c - a bread ration
Scrolls
 d - a scroll of fear
 m - a scroll of enchant armour
 p - a scroll of amnesia {unknown}
Jewellery
 j - an uncursed ring of teleportation
 o - an amulet of resist corrosion (around neck)
Potions
 e - a potion of invisibility
Books
 b - a book of Frost

   Spells                             Type                      Level
   *Freeze                            Ice                          1
   *Throw Frost                       Conjuration/Ice              2
   Ozocubu's Armour                   Charms/Ice                   3
   *Throw Icicle                      Conjuration/Ice              4
   Summon Ice Beast                   Ice/Summoning                4
   Condensation Shield                Ice                          4


   Skills:
 - Level 1.7 Dodging
 - Level 1.7 Stealth
 - Level 3.0 Spellcasting
 + Level 4.7 Conjurations
 * Level 3.0 Ice Magic


You had 3 spell levels left.
You knew the following spells:

 Your Spells              Type           Power        Failure   Level  Hunger
a - Freeze                Ice            ##..         6%          1    None
b - Throw Frost           Conj/Ice       ###...       6%          2    ##.....
c - Throw Icicle          Conj/Ice       ###.....     38%         4    ####...


Dungeon Overview and Level Annotations

Branches:
Dungeon (5/15)             Temple (1/1) D:4

Altars:
Ashenzari
Elyvilon
Kikubaaqudgha
Makhleb
Nemelex Xobeh
Okawaru
Qazlal
Trog
Vehumet
Yredelemnul
Zin
The Shining One


Innate Abilities, Weirdness & Mutations

Your plain brown scales are hard (AC +5).
Your body does not fit into most forms of armour.
Your cold-blooded metabolism reacts poorly to cold.


Message History

Press: ? - help, Shift-Dir - straight line, f/p - spider
Aim: a spider (clinging)
You freeze the spider.
The spider is moderately wounded.
The spider closely misses you. Something hits you.
* * * LOW HITPOINT WARNING * * *
The orc hits you from afar with a trident.
* * * LOW HITPOINT WARNING * * *
Casting: Freeze
Confirm with . or Enter, or press ? or * to list all spells.
Aiming: Freeze
Press: ? - help, Shift-Dir - straight line, f/p - spider
Aim: a spider (moderately wounded, clinging)
You freeze the spider.
The spider is moderately wounded.
The spider bites you!
* * * LOW HITPOINT WARNING * * *
You are lethally poisoned!
The spider poisons you! Something hits you.
You die...

#.#......≈...#.##..)..#.########
#.#..⌠....≈_$#.###............
#.'....##....#.#####.########
###...########....>.......#
##............####.####.#
#########.##W# #.# #.##o# #.#
#.##.# #.# #.##@# #.# #.##s# #.#
#.##.# #.# #.##.# . #.##.# #.#
... #.. #.#


You could see a phantom, a spider and an orc.

Vanquished Creatures
  An ogre (D:4)
  A scorpion (D:4)
  An adder (D:2)
  5 orcs
  A bat skeleton (D:4)
  5 goblins
  5 hobgoblins
  4 jackals
  3 kobolds
  2 quokkas
  4 bats
  A giant cockroach (D:4)
  A giant gecko (D:4)
  A giant newt (D:3)
  5 rats (D:1)
40 creatures vanquished.

Notes
Turn   | Place    | Note
--------------------------------------------------------------
     0 | D:1      | Draconian, the Draconian Ice Elementalist, began the quest for the Orb.
     0 | D:1      | Reached XP level 1. HP: 14/14 MP: 3/3
   101 | D:2      | Reached XP level 2. HP: 20/20 MP: 0/5
   105 | D:2      | Learned a level 2 spell: Throw Frost
   298 | D:2      | Reached XP level 3. HP: 18/26 MP: 3/7
   627 | D:4      | Noticed a phantom
   855 | D:4      | Found a staircase to the Ecumenical Temple.
   866 | Temple   | Entered the Ecumenical Temple
  1133 | D:4      | Noticed a phantom
  1175 | D:4      | Noticed a scorpion
  1185 | D:4      | Killed a scorpion
  1185 | D:4      | Reached XP level 4. HP: 26/33 MP: 0/9
  1263 | D:4      | Found an ancient bone altar of Kikubaaqudgha.
  1268 | D:4      | Noticed an ogre
  1307 | D:4      | Killed an ogre
  1307 | D:4      | Reached skill level 4 in Conjurations
  1307 | D:4      | Reached XP level 5. HP: 26/38 MP: 0/11
  1324 | D:4      | Learned a level 4 spell: Throw Icicle
  1327 | D:5      | Entered Level 5 of the Dungeon
  1357 | D:4      | Noticed a scorpion
  1360 | D:4      | Noticed a spider
  1360 | D:4      | a scorpion changed into a spider
  1364 | D:4      | HP: 1/38 [spider (7)]
  1364 | D:4      | Slain by an orc wizard

Action                   |  1- 3 |  4- 6 || total
-------------------------+-------+-------++-------
Melee: Unarmed           |     6 |       ||     6
       Whip              |    43 |       ||    43
       Cutlass           |    51 |     5 ||    56
 Cast: Freeze            |    38 |     4 ||    42
       Throw Frost       |       |     5 ||     5
Evoke: Wand              |     1 |     1 ||     2
  Use: Scroll            |     7 |       ||     7
       Potion            |     1 |       ||     1
 Stab: Sleeping          |     2 |     1 ||     3
  Eat: Chunk             |       |     2 ||     2
